 Dungeon Sprint DCSS version 0.27-a0-109-g416527ed24 (webtiles) character file.

Game seed: 5507821989816593166

758 mhtbhm the Martial Artist (level 7, -4/60 HPs)
             Began as a Merfolk Transmuter on Jan 24, 2021.
             Was a Priest of Sif Muna.
             Slain by Urug
             ... wielding a +3 double sword
              (15 damage)
             ... in the Dungeon (Sprint IX: "|||||||||||||||||||||||||||||").
             The game lasted 00:02:00 (1193 turns).

mhtbhm the Martial Artist (Merfolk Transmuter)      Turns: 1193, Time: 00:02:01

Health: -4/60      AC:  5    Str: 16    XL:     7   Next: 80%
Magic:  9/16       EV: 16    Int: 12    God:    Sif Muna [***...]
Gold:   0          SH:  0    Dex: 17    Spells: 3/18 levels left

rFire    x . .     SeeInvis .     - Unarmed
rCold    + + +     Faith    .   (shield currently unavailable)
rNeg     . . .     Spirit   .   (armour currently unavailable)
rPois    +         Reflect  .   (helmet currently unavailable)
rElec    .         Harm     .   (cloak currently unavailable)
rCorr    .         Rampage  .   (gloves currently unavailable)
Will     .....     NoTele   +   (boots currently unavailable)
Stlth    +++.......             (no amulet)
HPRegen  0.20/turn              n - +3 ring of strength
MPRegen  0.15/turn              o - +3 ring of dexterity

@: ice-form, very slightly contaminated
A: large, (change form in water), (swift swim), (stealthy swim)
a: End Transformation, Renounce Religion, Channel Magic, Forget Spell


You were in the Dungeon.
You worshipped Sif Muna.
Sif Muna was most pleased with you.
You were a creature of crystalline ice.
You visited 1 branch

Inventory:

Armour
 a - a +0 robe (melded)
 l - a +0 helmet (melded)
 m - a +0 pair of gloves (melded)
Jewellery
 n - a +3 ring of strength (left front paw)
 o - a +3 ring of dexterity (right front paw)
Wands
 k - a wand of iceblast (10)
Scrolls
 h - 2 scrolls of blinking
 i - 3 scrolls of remove curse
 j - 2 scrolls of amnesia
Potions
 d - 4 potions of curing
 e - a potion of haste
 f - 4 potions of magic
 g - a potion of berserk rage


   Skills:
 + Level 2.1 Fighting
 + Level 9.9 Dodging
 + Level 6.2 Stealth
 + Level 11.9 Unarmed Combat
 + Level 6.3 Spellcasting
 + Level 7.7 Transmutations


You had 3 spell levels left.
You knew the following spells:

 Your Spells              Type           Power        Failure   Level
a - Beastly Appendage     Tmut           44%          1%          1
b - Wereblood             Tmut           22%          1%          2
c - Spider Form           Tmut/Pois      6%           11%         3
d - Ice Form              Ice/Tmut       13%          34%         4
e - Blade Hands           Tmut           11%          21%         5

Your spell library contained the following spells:

 Spells                   Type           Power        Failure   Level


Dungeon Overview and Level Annotations

Branches:
Dungeon (1/1)

Altars:
Cheibriados
Dithmenos
Elyvilon
Fedhas
Gozag
Hepliaklqana
Kikubaaqudgha
Makhleb
Nemelex Xobeh
Okawaru
Qazlal
Ru
Sif Muna
Trog
Uskayaw
Vehumet
Wu Jian
Xom
Yredelemnul
Zin
The Shining One
Beogh
Jiyva
Lugonu

Annotations:
D Urug


Message History

Urug screams, "Your bloody kin took my one good eye.
Now you die, harpy!" Urug hits you with a +3 double sword!
Casting: Ice Form (quite dangerous; 34% risk of failure)
Confirm with . or Enter, or press ? or * to list all spells.
Okay, then.
You hit Urug but do no damage. Urug barely misses you.
You hit Urug but do no damage. You punch Urug! You freeze Urug.
Urug is moderately wounded.
Urug misses you.
You punch Urug! You freeze Urug.
Urug is moderately wounded.
Urug hits you with a +3 double sword!!
* * * LOW HITPOINT WARNING * * *
You hit Urug. You freeze Urug.
Urug is heavily wounded.
You hit Urug but do no damage.
Urug is heavily wounded.
Urug hits you with a +3 double sword!
You die...

▓▓▓▓▓▓▓▓▓▓▓▓▓▓▓▓▓▓▓▓▓▓▓▓▓▓▓▓▓▓▓
_____________'.....†.....)...<▓
▓▓▓▓▓▓▓▓▓▓▓▓▓▓▓▓▓▓▓▓▓▓▓▓▓▓▓▓▓▓▓
............(...Yo......
▓▓▓▓▓▓▓▓▓▓▓▓▓▓▓▓▓▓▓▓▓▓▓▓


You could see Urug.

Vanquished Creatures
  A wyvern (D)
  A yak (D)
  A black bear (D)
  An ogre (D)
  A centaur (D)
  A big kobold (D)
  A bullfrog (D)
  A scorpion (D)
  An adder (D)
  A white imp (D)
  An adder zombie (D)
  An adder skeleton (D)
  A leopard gecko (D)
  A hobgoblin (D)
  A jackal (D)
  2 kobolds (D)
  A quokka (D)
  A frilled lizard (D)
  A jackal skeleton (D)
  A leopard gecko zombie (D)
  A rat (D)
22 creatures vanquished.

Notes
Turn   | Place    | Note
-------+----------+-------------------------------------------
     0 | D        | mhtbhm the Merfolk Transmuter began the quest for the Orb.
     0 | D        | Reached XP level 1. HP: 15/15 MP: 3/3
    20 | D        | Reached skill level 4 in Unarmed Combat
    30 | D        | Reached XP level 2. HP: 6/21 MP: 3/5
   345 | D        | Learned a level 2 spell: Wereblood
   359 | D        | Reached skill level 5 in Unarmed Combat
   380 | D        | Found a roughly hewn altar of Beogh.
   380 | D        | Found a snail-covered altar of Cheibriados.
   380 | D        | Found a shadowy altar of Dithmenos.
   380 | D        | Found a white marble altar of Elyvilon.
   380 | D        | Found a blossoming altar of Fedhas.
   380 | D        | Found an opulent altar of Gozag.
   381 | D        | Found a hazy altar of Hepliaklqana.
   382 | D        | Found a viscous altar of Jiyva.
   383 | D        | Found an ancient bone altar of Kikubaaqudgha.
   384 | D        | Found a corrupted altar of Lugonu.
   385 | D        | Found a burning altar of Makhleb.
   386 | D        | Found a sparkling altar of Nemelex Xobeh.
   387 | D        | Found an iron altar of Okawaru.
   388 | D        | Found a stormy altar of Qazlal.
   389 | D        | Found a sacrificial altar of Ru.
   390 | D        | Found a shimmering blue altar of Sif Muna.
   391 | D        | Found a bloodstained altar of Trog.
   392 | D        | Found a hide-covered altar of Uskayaw.
   393 | D        | Found a radiant altar of Vehumet.
   394 | D        | Found an ornate altar of the Wu Jian Council.
   395 | D        | Found a shimmering altar of Xom.
   396 | D        | Found a basalt altar of Yredelemnul.
   397 | D        | Found a glowing silver altar of Zin.
   398 | D        | Found a glowing golden altar of the Shining One.
   400 | D        | Became a worshipper of Sif Muna the Loreminder
   540 | D        | Noticed a big kobold
   540 | D        | Noticed a yak
   540 | D        | Noticed an ogre
   540 | D        | Noticed a black bear
   548 | D        | Killed a black bear
   549 | D        | Reached skill level 7 in Unarmed Combat
   549 | D        | Reached skill level 5 in Transmutations
   549 | D        | Reached XP level 3. HP: 7/26 MP: 2/8
   549 | D        | Reached XP level 4. HP: 9/32 MP: 2/10
   556 | D        | Killed an ogre
   557 | D        | Reached skill level 1 in Stealth
   557 | D        | Reached skill level 9 in Unarmed Combat
   557 | D        | Reached XP level 5. HP: 35/37 MP: 3/12
   563 | D        | Killed a yak
   563 | D        | Reached * piety under Sif Muna
   564 | D        | Reached skill level 10 in Unarmed Combat
   564 | D        | Reached skill level 5 in Spellcasting
   564 | D        | Reached XP level 6. HP: 37/44 MP: 4/14
   580 | D        | Reached ** piety under Sif Muna
   787 | D        | Learned a level 3 spell: Spider Form
   792 | D        | Learned a level 4 spell: Ice Form
   798 | D        | Learned a level 5 spell: Blade Hands
   805 | D        | Noticed a wyvern
   808 | D        | Reached XP level 7. HP: 35/49 MP: 7/15
   810 | D        | Reached skill level 5 in Stealth
   810 | D        | Reached skill level 11 in Unarmed Combat
   814 | D        | Killed a wyvern
   814 | D        | Reached *** piety under Sif Muna
  1180 | D        | Noticed Urug
  1193 | D        | Slain by Urug

Illustrated notes

Levels and vault maps discovered:
D:        linesprint [early_d, line_temple, items_1, d_10, items_2, lair_1,
          lair_end, items_3, orc_1, orc_end, items_4, d_15, swamp_1, shoals_1,
          snake_1, spider_1, d_20, vaults_1, items_5, swamp_end, shoals_end,
          snake_end, spider_end, vaults_end, d_27, items_6, zot_1, zot_end,
          crypt_end, forest_end, elf_end, slime_end, tomb_end, abyss_end,
          pan_hell_end]

Skill      XL: |  1  2  3  4  5  6  7 |
---------------+----------------------+-----
Transmutations | 3 5 6 7 |  7.7
Dodging        | 3 6 7 8 9 |  9.9
Unarmed Combat | 4 7 9 10 11 | 11.9
Spellcasting   | 4 5 6 |  6.3
Stealth        | 1 2 4 6 |  6.2
Fighting       | 2 |  2.1

Action                   |  1- 3 |  4- 6 |  7- 9 || total
-------------------------+-------+-------+-------++-------
Melee: Unarmed           |    50 |    29 |    13 ||    92
       Headbutt          |     8 |     4 |       ||    12
 Cast: Beastly Appendage |     4 |       |       ||     4
       Wereblood         |     2 |     1 |     1 ||     4
       Blade Hands       |       |     1 |     1 ||     2
       Ice Form          |       |       |     1 ||     1
  Use: Potion            |     3 |     1 |     1 ||     5
 Stab: Invisible         |       |     7 |       ||     7
Armor: Robe              |     4 |       |       ||     4
Dodge: Dodged            |    34 |    18 |    11 ||    63

Table legend: (Time is in decaauts)
 A = Elapsed time spent in this place.
 B = Non-inter-level travel time spent in this place.
 C = Inter-level travel time spent in this place.
 D = Time resting spent in this place.
 E = Time spent auto-exploring this place.
 F = Levels seen in this place.
 G = Mean time per level.
                   A        B        C        D        E       F      G
               +--------+--------+--------+--------+--------+-----+--------+
         Total |   1180 |   1180 |      0 |    850 |    102 |   1 | 1180.0 |
       Dungeon |   1180 |   1180 |      0 |    850 |    102 |   1 | 1180.0 |
               +--------+--------+--------+--------+--------+-----+--------+

Top non-repeatable levels by time:
       D: 1180 daAuts
